 Dungeon Crawl Stone Soup version 0.26.0-3-g156281e41b (webtiles) character file.

Game seed: 2598184828614869708

15 RBrandon the Sneak (level 2, -3/26 HPs)
             Began as a Ghoul Delver on Jan 10, 2021.
             Slain by a centaur zombie (6 damage)
             ... on level 5 of the Dungeon.
             The game lasted 00:01:36 (590 turns).

RBrandon the Sneak (Ghoul Delver)                    Turns: 590, Time: 00:01:37

Health: -3/26      AC:  3    Str: 21    XL:     2   Next: 50%
Magic:  1/1        EV: 11    Int:  5    God:
Gold:   0          SH:  0    Dex: 10    Spells: 1/1 levels left

rFire    . . .     SeeInvis .     - Unarmed
rCold    + . .     Faith    .   (no shield)
rNeg     + + +     Spirit   .   a - +0 leather armour
rPois    ∞         Reflect  .   (no helmet)
rElec    .         Harm     .   (no cloak)
rCorr    .         Rampage  .   (no gloves)
Will     .....                  (no boots)
Stlth    +++.......             (no amulet)
HPRegen  0.00/turn              h - +6 ring of strength
MPRegen  0.07/turn              (no ring)

@: hasted, very quick
A: claws 1, cold resistance 1, negative energy resistance 3, inhibited
regeneration, torment resistance, unbreathing
a: no special abilities


You were on level 5 of the Dungeon.
You visited 1 branch of the dungeon, and saw 3 of its levels.

Inventory:

Armour
 a - a +0 leather armour (worn)
 g - a +0 pair of gloves
Jewellery
 h - a +6 ring of strength (left claw)
Wands
 f - a wand of digging (3)
Scrolls
 b - a scroll of fog
 c - a scroll of magic mapping
 d - a scroll of fear
 i - a scroll of remove curse {unknown}
 j - a scroll of blinking {unknown}


   Skills:
 - Level 3.2 Fighting
 - Level 1.7 Dodging
 - Level 5.4 Stealth
 + Level 3.3 Unarmed Combat


You had one spell level left.
You didn't know any spells.
Your spell library was empty.

Dungeon Overview and Level Annotations

Branches:
Dungeon (6/15)
 Temple: D:4-7

Altars:

Shops:
D:5 !


Innate Abilities, Weirdness & Mutations

You thrive by killing the living.
You are immune to poison.
You have sharp fingernails.
Your flesh is cold resistant. (rC+)
You are immune to negative energy. (rN+++)
You do not regenerate when monsters are visible.
You are immune to unholy pain and torment.
You can survive without breathing.


Message History

The centaur zombie hits you.
* * * LOW HITPOINT WARNING * * *
You barely miss the centaur zombie.
The centaur zombie is heavily damaged.
The centaur zombie barely misses you.
You scratch the centaur zombie but do no damage.
The centaur zombie is heavily damaged.
The centaur zombie hits you.
* * * LOW HITPOINT WARNING * * *
You scratch the centaur zombie but do no damage.
The centaur zombie is heavily damaged.
The centaur zombie hits you.
* * * LOW HITPOINT WARNING * * *
The centaur zombie misses you.
You feel yourself speed up. The centaur zombie hits you.
* * * LOW HITPOINT WARNING * * *
You scratch the centaur zombie but do no damage.
The centaur zombie is heavily damaged.
The centaur zombie hits you.
You die...

###### ### #..... #..
#.#### #.# #.# #.# #.#
#.# #.# #.# #.# #@# #.#
.o #Z# #.#### #.##.#
#.#... ..#.# ####.#...
####.#.########....#...
...................÷....
######.######.##.#<#....
#..# #.##.#.#.###
##########.#####.##.#.#÷#


You could see a centaur zombie.

Vanquished Creatures
  An adder skeleton (D:6)
  A leopard gecko (D:5)
  6 jackals (D:5)
  A quokka (D:5)
9 creatures vanquished.

Notes
Turn   | Place    | Note
-------+----------+-------------------------------------------
     0 | D:5      | RBrandon the Ghoul Delver began the quest for the Orb.
     0 | D:5      | Reached XP level 1. HP: 19/19 MP: 0/0
    22 | D:5      | Noticed an orc wizard
   158 | D:4      | Noticed a hound
   170 | D:5      | Found Vuemam's Distillery.
   194 | D:5      | Reached XP level 2. HP: 17/26 MP: 1/1
   590 | D:5      | Slain by a centaur zombie

Illustrated notes

Levels and vault maps discovered:
D:4:      layout_rooms, nicolae_overflow_hidden_temple, uniq_crazy_yiuf_cottage
D:5:      layout_basic, serial_shops, nicolae_shop_crystal, shop
D:6:      layout_basic, nicolae_tso_besieged_by_evil

Skill      XL: |  1  2 |
---------------+-------+-----
Unarmed Combat | 3 |  3.3
Fighting       | |  3.2
Dodging        | |  1.7
Stealth        | |  5.4

Action                   || total
-------------------------++-------
Melee: Unarmed           ||    42
       Punch             ||     1
  Use: Potion            ||     1
 Stab: Sleeping          ||     1
Armor: Leather armour    ||     6
Dodge: Dodged            ||    30

Table legend: (Time is in decaauts)
 A = Elapsed time spent in this place.
 B = Non-inter-level travel time spent in this place.
 C = Inter-level travel time spent in this place.
 D = Time resting spent in this place.
 E = Time spent auto-exploring this place.
 F = Levels seen in this place.
 G = Mean time per level.
                   A        B        C        D        E       F      G
               +--------+--------+--------+--------+--------+-----+--------+
         Total |    588 |    558 |     30 |    140 |    108 |   3 |  196.0 |
       Dungeon |    588 |    558 |     30 |    140 |    108 |   3 |  196.0 |
               +--------+--------+--------+--------+--------+-----+--------+

Top non-repeatable levels by time:
     D:5: 510 daAuts
     D:6: 62 daAuts
     D:4: 16 daAuts

Table legend:
 A = Kills in this place as a percentage of kills in entire the game.
 B = Kills by you in this place as a percentage of kills by you in the entire game.
 C = Kills by friends in this place as a percentage of kills by friends in the entire game.
 D = Other kills in this place as a percentage of other kills in the entire game.
 E = Experience gained in this place as a percentage of experience gained in the entire game.
 F = Experience gained in this place divided by the number of levels of this place that you have seen.
                   A       B       C       D       E      F
               +-------+-------+-------+-------+-------+----------------------
         Total | 100.0 | 100.0 |   N/A |   N/A | 100.0 |   7.3
       Dungeon | 100.0 | 100.0 |   N/A |   N/A | 100.0 |   7.3
               +-------+-------+-------+-------+-------+----------------------
